 Dungeon Sprint DCSS version 0.23-a0-629-gae4348f (webtiles) character file.

270 Lanoc the Cudgeler (level 6, -6/66 HPs)
             Began as a Troll Berserker on Dec 27, 2018.
             Was an Elder of Trog.
             Mangled by a wyvern (16 damage)
             ... in the Dungeon (Sprint IX: "|||||||||||||||||||||||||||||").
             The game lasted 00:01:03 (202 turns).

Lanoc the Cudgeler (Troll Berserker)                 Turns: 202, Time: 00:01:04

Health: -6/66      AC:  5    Str: 28    XL:     6   Next: 1%
Magic:  5/5        EV: 11    Int:  3    God:    Trog [****..]
Gold:   0          SH:  0    Dex:  9    Spells: 5/5 levels left

rFire    . . .     SeeInvis .   a - +0 mace
rCold    . . .     Gourm    +   (no shield)
rNeg     . . .     Faith    .   b - +0 animal skin
rPois    .         Spirit   .   (helmet restricted)
rElec    .         Reflect  .   (no cloak)
rCorr    .         Harm     .   (gloves unavailable)
MR       .....     NoTele   +   (boots unavailable)
Stlth    +.........             (no amulet)
HPRegen  0.61/turn              (no ring)
MPRegen  0.09/turn              (no ring)

@: berserk cooldown, slowed, very slow
A: large, unfitting armour, claws 3, fast metabolism 3, gourmand, regeneration
1, shaggy fur 1, tough skin 2
a: Berserk, Trog's Hand, Brothers in Arms, Renounce Religion


You were in the Dungeon.
You worshipped Trog.
Trog was greatly pleased with you.
You were not hungry.

You visited 1 branch

Inventory:

Hand Weapons
 a - a +0 mace (weapon)
Armour
 b - a +0 animal skin (worn)
Jewellery
 m - a +2 ring of protection
 n - a +3 ring of intelligence
Wands
 l - a wand of acid (10)
Scrolls
 i - 2 scrolls of blinking
 k - 3 scrolls of remove curse
Potions
 d - 5 potions of curing
 e - a potion of invisibility
 f - a potion of haste
 g - 4 potions of magic
 h - a potion of berserk rage
 j - 2 potions of heal wounds
Comestibles
 c - 2 rations


   Skills:
 + Level 5.2 Fighting
 * Level 7.8 Maces & Flails
 + Level 4.4 Armour
 + Level 5.2 Dodging


You had 5 spell levels left.
You didn't know any spells.
Your spell library was empty.

Dungeon Overview and Level Annotations

Branches:
Dungeon (1/1)

Altars:
Cheibriados
Dithmenos
Elyvilon
Fedhas
Gozag
Hepliaklqana
Kikubaaqudgha
Makhleb
Nemelex Xobeh
Okawaru
Qazlal
Ru
Sif Muna
Trog
Uskayaw
Vehumet
Wu Jian
Xom
Yredelemnul
Zin
The Shining One
Beogh
Jiyva
Lugonu


Innate Abilities, Weirdness & Mutations

You are too large for most types of armour.
You have claws for hands.
Your metabolism is lightning-fast.
You like to eat raw meat.
Your natural rate of healing is unusually fast.
You are covered in fur. (AC +1)
You have very tough skin. (AC +2)


Message History

Something hits you but does no damage.
You hit something but do no damage.
A sky beast appears from thin air!
Reactivating autopickup.
The sky beast closely misses you. x2
You hit the sky beast.
You kill the sky beast!
Trog accepts your kill.
Your Fighting skill increases to level 5!
Your Maces & Flails skill increases to level 7!
Your Armour skill increases to level 4!
Your Dodging skill increases to level 5!
You have reached level 6!
Your experience leads to an increase in your attributes!
Increase (S)trength, (I)ntelligence, or (D)exterity?
You feel stronger. x2
The wyvern completely misses you. The wyvern closely misses you.
You thump the wyvern!
The wyvern is heavily wounded.
The wyvern bites you!
You die... ▓▓▓▓▓▓▓▓▓▓▓▓▓▓▓▓▓▓▓▓▓▓▓▓ ______'.?|)[[[..@ln≈...+ ▓▓▓▓▓▓▓▓▓▓▓▓▓▓▓▓▓▓▓▓▓▓▓▓

You could see a wyvern and a necrophage.

Vanquished Creatures
  2 sky beasts (D)
  2 crimson imps (D)
  An adder (D)
  An adder skeleton (D)
  A leopard gecko (D)
  A giant cockroach (D)
  A hobgoblin (D)
  A quokka (D)
  A bat (D)
  A frilled lizard (D)
  2 rats (D)
14 creatures vanquished.

Notes
Turn   | Place    | Note
-------+----------+-------------------------------------------
     0 | D        | Lanoc the Troll Berserker began the quest for the Orb.
     0 | D        | Reached XP level 1. HP: 22/22 MP: 0/0
     8 | D        | Reached skill level 3 in Maces & Flails
    13 | D        | Reached ** piety under Trog
    18 | D        | Reached skill level 1 in Armour
    62 | D        | Noticed a crimson imp
    71 | D        | Reached *** piety under Trog
    74 | D        | Reached XP level 2. HP: 29/29 MP: 1/1
   113 | D        | Killed a crimson imp
   113 | D        | Reached skill level 4 in Maces & Flails
   113 | D        | Reached XP level 3. HP: 28/37 MP: 2/2
   130 | D        | Found a roughly hewn altar of Beogh.
   130 | D        | Found a snail-covered altar of Cheibriados.
   130 | D        | Found a shadowy altar of Dithmenos.
   130 | D        | Found a white marble altar of Elyvilon.
   130 | D        | Found a blossoming altar of Fedhas.
   130 | D        | Found an opulent altar of Gozag.
   131 | D        | Found a hazy altar of Hepliaklqana.
   132 | D        | Found a viscous altar of Jiyva.
   133 | D        | Found an ancient bone altar of Kikubaaqudgha.
   134 | D        | Found a corrupted altar of Lugonu.
   135 | D        | Found a burning altar of Makhleb.
   136 | D        | Found a sparkling altar of Nemelex Xobeh.
   137 | D        | Found an iron altar of Okawaru.
   138 | D        | Found a stormy altar of Qazlal.
   139 | D        | Found a sacrificial altar of Ru.
   140 | D        | Found a deep blue altar of Sif Muna.
   141 | D        | Found a bloodstained altar of Trog.
   142 | D        | Found a hide-covered altar of Uskayaw.
   143 | D        | Found a radiant altar of Vehumet.
   144 | D        | Found an ornate altar of the Wu Jian Council.
   145 | D        | Found a shimmering altar of Xom.
   146 | D        | Found a basalt altar of Yredelemnul.
   147 | D        | Found a glowing silver altar of Zin.
   148 | D        | Found a glowing golden altar of the Shining One.
   172 | D        | Noticed a sky beast
   172 | D        | Noticed a sky beast
   172 | D        | Noticed a wyvern
   172 | D        | Noticed a necrophage
   178 | D        | Reached **** piety under Trog
   178 | D        | Reached skill level 5 in Maces & Flails
   178 | D        | Reached XP level 4. HP: 48/48 MP: 3/3
   186 | D        | Killed a sky beast
   186 | D        | Reached skill level 6 in Maces & Flails
   186 | D        | Reached XP level 5. HP: 55/55 MP: 4/4
   201 | D        | Killed a sky beast
   201 | D        | Reached skill level 5 in Fighting
   201 | D        | Reached skill level 7 in Maces & Flails
   201 | D        | Reached skill level 5 in Dodging
   201 | D        | Reached XP level 6. HP: 8/66 MP: 5/5
   202 | D        | Mangled by a wyvern

Vault maps used:
D:        linesprint

Skill      XL: |  1  2  3  4  5 |
---------------+----------------+-----
Maces & Flails | 3 4 5 6 7 |  7.8
Armour         | 1 2 3 4 |  4.4
Fighting       | 3 4 5 |  5.2
Dodging        | 3 4 5 |  5.2

Action                   |  1- 3 |  4- 6 || total
-------------------------+-------+-------++-------
Melee: Mace              |    54 |    23 ||    77
Invok: Berserk           |     3 |       ||     3
  Use: Potion            |     1 |       ||     1
  Eat: Chunk             |     4 |       ||     4
Armor: Animal skin       |    19 |     7 ||    26
Dodge: Dodged            |    16 |    10 ||    26

Table legend:
 A = Non-vault XP
 B = Vault XP
 C = Vault XP percentage of total XP
 D = Non-vault monster count
 E = Vault monster count
 F = Vault count percentage of total count
                 A         B        C        D         E       F
            +---------+---------+-------+---------+---------+-------
      Total |       0 |     387 | 100.0 |       0 |      14 | 100.0
            +---------+---------+-------+---------+---------+-------
          D |       0 |     387 | 100.0 |       0 |      14 | 100.0
            +---------+---------+-------+---------+---------+-------
